 Dungeon Crawl Stone Soup version 0.28-a0-2-g643f2454ad (webtiles) character file.

Game seed: 5888671282198885389

12 Spectrina the Sneak (level 2, 0/25 HPs)
             Began as a Djinni Delver on July 22, 2021.
             Slain by an elf zombie (2 damage)
             ... in an ossuary.
             The game lasted 00:03:18 (434 turns).

Spectrina the Sneak (Djinni Delver)                  Turns: 434, Time: 00:03:19

Health: 0/25       AC:  3    Str: 10 (11) XL:     2   Next: 45%
Gold:   23         EV: 11    Int:  9 (11) God:
                   SH:  0    Dex: 11 (14)

rFire   + + .      SeeInvis .     - Unarmed
rCold   x . .      Faith    .   (no shield)
rNeg    . . .      Spirit   .   a - +0 leather armour
rPois   ∞          Reflect  .   (no helmet)
rElec   .          Harm     .   (no cloak)
rCorr   .          Rampage  .   (no gloves)
Will    .....                   (boots unavailable)
Stlth   ++........              (no amulet)
HPRegen 0.08/turn               (no ring)
MPRegen 0.00/turn               (no ring)

@: flying
A: sickness immunity, fire resistance 2, cold vulnerability 1, float, innate
caster, hp casting, extra vitality 1
a: no special abilities


You were in an ossuary.
You visited 1 branch of the dungeon, and saw 2 of its levels.
You also visited: Ossuary.

You collected 23 gold pieces.

Inventory:

Missiles
 g - 6 boomerangs (quivered)
Armour
 a - a +0 leather armour (worn)
Wands
 f - a wand of digging (3)
Scrolls
 b - a scroll of fog
 c - a scroll of holy word {unknown}
Potions
 e - a potion of haste


   Skills:
 - Level 3.0 Fighting
 - Level 2.1 Dodging
 - Level 4.1 Stealth
 - Level 2.0 Unarmed Combat
 + Level 1.3 Spellcasting


You had 3 spell levels left.
You didn't know any spells.
Your spell library was empty.

Dungeon Overview and Level Annotations

Branches:
Dungeon (5/15)            Ossuary (1/1)
 Temple: D:4-7

Altars:


Innate Abilities, Weirdness & Mutations

You are immune to sickness and miasma.
You are immune to poison.
Your flesh is very heat resistant. (rF++)
You are vulnerable to cold. (rC-)
You float through the air rather than walking.
You learn spells naturally, not from books.
Your magical power is your life essence.
You have superior vitality. (+4 HP)


Message History

You completely miss the elf zombie.
The elf zombie is lightly damaged.
You hit the elf zombie.
The elf zombie is lightly damaged.
The elf zombie hits you.
You hit the elf zombie.
The elf zombie is lightly damaged.
The elf zombie barely misses you.
You hit the elf zombie.
You punch the elf zombie, but do no damage.
The elf zombie is lightly damaged.
The elf zombie closely misses you.
You closely miss the elf zombie.
The elf zombie is lightly damaged.
The elf zombie hits you but does no damage.
You barely miss the elf zombie.
The elf zombie is lightly damaged.
You closely miss the elf zombie.
The elf zombie is lightly damaged.
The elf zombie hits you.
You hit the elf zombie.
The elf zombie is moderately damaged.
The elf zombie hits you.
You closely miss the elf zombie.
The elf zombie is moderately damaged.
The elf zombie hits you.
* * * LOW HITPOINT WARNING * * *
You barely miss the elf zombie.
The elf zombie is moderately damaged.
You barely miss the elf zombie.
The elf zombie is moderately damaged.
The elf zombie hits you.
* * * LOW HITPOINT WARNING * * *
You barely miss the elf zombie.
The elf zombie is moderately damaged.
The elf zombie barely misses you.
You hit the elf zombie.
The elf zombie is moderately damaged.
The elf zombie hits you.
You die...

#+# ## ###.###
##Z. ##.....##
#.... #.......#
#.....###...∩...##
M......'...∩∩∩...+
#.....###Z..∩...##
#.... #.@.....#
##Z. ##.....## ##
###.### #+#


You could see an elf zombie.

Vanquished Creatures
  2 orcs (D:4)
  An endoplasm (D:4)
  A giant cockroach (D:4)
  A goblin (D:4)
  A quokka (D:4)
  2 ball pythons (D:4)
  A kobold (D:4)
9 creatures vanquished.

Notes
Turn   | Place    | Note
-------+----------+-------------------------------------------
     0 | D:5      | Spectrina the Djinni Delver began the quest for the Orb.
     0 | D:5      | Reached XP level 1. HP: 20/20 MP: 0/0
   133 | D:4      | Noticed an orc wizard
   189 | D:4      | Reached skill level 1 in Spellcasting
   189 | D:4      | Reached XP level 2. HP: 25/25 MP: 0/0
   401 | D:4      | Found a sand-covered staircase.
   406 | Ossuary  | Entered an ossuary
   434 | Ossuary  | Slain by an elf zombie

Illustrated notes

Levels and vault maps discovered:
D:4:      layout_basic, enter_ossuary_2, st_stairs_6
D:5:      layout_rooms, evilmike_ruin_ashenzari, mainiacjoe_overflow_catwalk,
          nicolae_overflow_hidden_temple, minmay_temple_entry_mist
Ossuary:  ossuary_minmay_four_chambers

Skill      XL: |  1 |
---------------+----+-----
Spellcasting   | 1 |  1.3
Fighting       | |  3.0
Dodging        | |  2.1
Stealth        | |  4.1
Unarmed Combat | |  2.0

Action                   || total
-------------------------++-------
Melee: Unarmed           ||    49
       Punch             ||     2
  Use: Potion            ||     3
       Scroll            ||     2
 Stab: Sleeping          ||     3
Armor: Leather armour    ||    10
Dodge: Dodged            ||    26

Table legend: (Time is in decaauts)
 A = Elapsed time spent in this place.
 B = Non-inter-level travel time spent in this place.
 C = Inter-level travel time spent in this place.
 D = Time resting spent in this place.
 E = Time spent auto-exploring this place.
 F = Levels seen in this place.
 G = Mean time per level.
                   A        B        C        D        E       F      G
               +--------+--------+--------+--------+--------+-----+--------+
         Total |    431 |    431 |      0 |      0 |      0 |   3 |  143.7 |
       Dungeon |    404 |    404 |      0 |      0 |      0 |   2 |  202.0 |
       Ossuary |     27 |     27 |      0 |      0 |      0 |   1 |   27.0 |
               +--------+--------+--------+--------+--------+-----+--------+

Top non-repeatable levels by time:
     D:4: 385 daAuts
 Ossuary: 27 daAuts
     D:5: 19 daAuts
